 Dungeon Crawl Stone Soup version 0.17.0 (webtiles) character file.

91 Gargoyl the Skirmisher (level 4, 0/38 HPs)
             Began as a Demonspawn Abyssal Knight on Nov 7, 2015.
             Was a Believer of Lugonu.
             Slain by an iguana (10 damage)
             ... on level 4 of the Dungeon.
             The game lasted 00:04:22 (2133 turns).

Gargoyl the Skirmisher (Demonspawn Abyssal Knight)  Turns: 2133, Time: 00:04:23

Health: 0/38       AC: 10    Str: 13    XL:     4   Next: 33%
Magic:  6/6        EV:  6    Int: 14    God:    Lugonu [**....]
Gold:   165        SH:  0    Dex: 12    Spells: 0 memorised, 3 levels left

rFire  . . .     SeeInvis .     a - +1 hand axe
rCold  . . .     Clarity  .     t - +0 chain mail
rNeg   . . .     SustAt   +     (no shield)
rPois  .         Gourm    .     d - +0 hat
rElec  .         Spirit   .     (no cloak)
rCorr  .         Warding  .     b - +0 pair of gloves
rMut   .         Stasis   .     (no boots)
MR     .....                    (no amulet)
Stlth  ..........               (no ring)
                                i - ring of sustain attributes

@: very slightly contaminated, hasted, very quick, not resistant to hostile
enchantments, extremely unstealthy
A: talons 1, rugged brown scales 1
a: Depart the Abyss, Bend Space, Renounce Religion


You were on level 4 of the Dungeon.
You worshipped Lugonu.
Lugonu was pleased with you.
You were not hungry.

You visited 1 branch of the dungeon, and saw 4 of its levels.
You visited the Abyss 1 time.

You collected 165 gold pieces.

Inventory:

Hand Weapons
 a - a +1 hand axe (weapon)
 h - a +0 flail
Armour
 b - a +0 pair of gloves (worn)
 d - a +0 hat (worn)
 t - a +0 chain mail (worn)
Jewellery
 i - a ring of sustain attributes (left hand)
 r - an uncursed ring of poison resistance {unknown}
Scrolls
 g - a scroll of noise
 o - a scroll of blinking
 p - 3 scrolls of teleportation
Potions
 e - a potion of curing {unknown}
 f - 2 potions of resistance {unknown}
 k - 2 potions of brilliance {unknown}
 l - a potion of agility
 n - 2 potions of haste
 q - a potion of might
Comestibles
 c - a bread ration
 j - 4 meat rations
 m - a beef jerky
 s - a slice of pizza


   Skills:
 + Level 4.1 Fighting
 + Level 2.5 Axes
 + Level 2.1 Armour
 + Level 1.4 Dodging
 + Level 2.8 Invocations


You had 3 spell levels left.
You didn't know any spells.

Dungeon Overview and Level Annotations

Branches:
Dungeon (4/15)
 Temple: D:4-7

Altars:
Nemelex Xobeh


Innate Abilities, Weirdness & Mutations

You have sharp toenails.
You are partially covered in rugged brown scales (AC +1, +3% HP).


Message History

It was a potion of haste.
You feel yourself speed up.
The iguana bites you but does no damage.
You are very lightly contaminated with residual magic.
You hit the iguana.
The iguana is almost dead.
The iguana completely misses you.
You closely miss the iguana. You claw the iguana, but do no damage.
The iguana is almost dead.
The iguana bites you but does no damage.
Your chain mail prevents you from hitting the iguana.
You claw the iguana, but do no damage.
The iguana is almost dead.
You hit the iguana.
The iguana is almost dead.
The iguana bites you!
* * * LOW HITPOINT WARNING * * *
You hit the iguana but do no damage.
The iguana is almost dead.
The iguana bites you!
You die...

..# #..
#..#####
##......#####
#............
##<.......##
#.....<....#
#...........#
........@...#
........l....#
.............#
.............#
............##
...........##
.........##
#......###


You could see an iguana.

Vanquished Creatures
  2 adders (D:2)
  An ooze (D:3)
  A worm (D:3)
  3 orcs
  A ball python (D:1)
  7 bats
  3 giant cockroaches
  9 hobgoblins
  4 jackals (D:2)
  A quokka (D:3)
  2 giant geckos
  2 giant newts
  7 goblins
  8 kobolds
  5 rats (D:1)
56 creatures vanquished.

Notes
Turn   | Place    | Note
--------------------------------------------------------------
     0 | Abyss:1  | Gargoyl the Demonspawn Abyssal Knight began the quest for the Orb.
     0 | Abyss:1  | Reached XP level 1. HP: 18/18 MP: 2/2
    58 | Abyss:1  | Noticed a thrashing horror
    59 | D:1      | Escaped the Abyss
   172 | D:1      | Reached * piety under Lugonu
   336 | D:1      | Gained mutation: You are partially covered in rugged brown scales (AC +1, +3% HP). [demonic ancestry]
   336 | D:1      | Reached XP level 2. HP: 18/24 MP: 3/3
   839 | D:1      | Reached skill level 1 in Dodging
   882 | D:2      | Reached XP level 3. HP: 9/30 MP: 3/5
  1301 | D:2      | Reached ** piety under Lugonu
  1301 | D:2      | Reached skill level 4 in Fighting
  1613 | D:3      | Found a sparkling altar of Nemelex Xobeh.
  1740 | D:3      | Gained mutation: You have sharp toenails. [demonic ancestry]
  1740 | D:3      | Reached XP level 4. HP: 34/38 MP: 6/6
  2133 | D:4      | Slain by an iguana

Action                   |  1- 3 |  4- 6 || total
-------------------------+-------+-------++-------
Melee: Hand axe          |   114 |    49 ||   163
Invok: Depart the Abyss  |     1 |       ||     1
  Use: Scroll            |     6 |       ||     6
       Potion            |       |     1 ||     1
  Eat: Bread ration      |     1 |       ||     1
